Map: Wolfe Industries Compound

Players

Jefe - Winner!

  • Race: Zerg Zerg
  • League: Bronze
  • Spawn Location: 7:00

jerrox - Winner!

  • Race: Protoss Protoss
  • Spawn Location: 7:00

Grumm

  • Race: Protoss Protoss
  • League: Gold
  • Spawn Location: 3:00

gnardog

  • Race: Zerg Zerg
  • League: Diamond
  • Spawn Location: 12:00

VOD

Have the link to the VOD?

Description

Time

  • Played on: Jan. 6, 2016, 2:42 a.m.
  • Length: 20:14
Show
View Real Time Build Order
Export as new Build Order

Jefe Zerg - Winner!

Build Orders: Pool First 

Get SALT Encoding   

  12  0:01  Drone  
  13  0:13  Overlord  
  13  0:18  Drone  
  14  0:34  Spawning Pool  
  13  0:41  Drone x2  
  15  0:50  Drone  
  15  0:55  Drone  
  17  1:18  Hatchery  
  17  1:23  Queen  
  18  1:27  Drone  
  19  1:34  Drone  
  19  1:35  Drone  
  19  1:39  Overlord  
  21  1:42  Extractor  
  20  1:48  Extractor  
  20  1:50  Drone  
  20  2:07  Drone  
  21  2:13  Drone  
  22  2:19  Roach Warren  
  21  2:25  Evolution Chamber  
  20  2:30  Evolution Chamber  
  20  2:36  Drone x2  
  20  2:37  Drone x2  
  23  2:38  Drone  
  24  2:45  Drone  
  25  3:01  Lair  
  25  3:08  Zerg Missile Weapons Level 1  
  25  3:17  Zerg Ground Armor Level 1  
  25  3:25  Drone  
  26  3:32  Queen  
  28  3:36  Extractor  
  28  3:37  Drone  
  28  3:38  Extractor  
  27  3:44  Drone  
  27  3:45  Drone x4  
  27  3:48  Drone  
  33  3:59  Roach  
  33  4:00  Overlord  
  33  4:01  Overlord  
  35  4:05  Overlord  
  35  4:48  Tunneling Claws  
  35  4:50  Roach x3  
  35  4:51  Roach x7  
  35  4:52  Roach x2  
  59  4:53  Overlord  
  59  5:19  Pneumatized Carapace  
  59  5:22  Drone x4  
  59  5:23  Drone x2  
  65  5:29  Zerg Missile Weapons Level 2  
  65  5:35  Zerg Ground Armor Level 2  
  65  5:52  Roach  
  65  5:53  Overlord x3  
  65  5:54  Overlord x2  
  67  6:00  Hydralisk Den  
  67  6:03  Drone x2  
  68  6:09  Overseer  
  68  6:21  Drone x3  
  68  6:23  Glial Reconstitution  
  69  7:22  Hydralisk x3  
  69  7:23  Hydralisk x7  
  69  7:24  Hydralisk x2  
  93  7:31  Hatchery  
  93  7:32  Drone  
  93  7:34  Muscular Augments  
  93  7:48  Drone  
  94  7:55  Overlord x6  
  94  8:04  Infestation Pit  
  93  8:13  Hatchery  
  93  9:02  Drone  
  93  9:03  Drone  
  92  9:24  Hydralisk x4  
  92  9:25  Hydralisk x7  
  92  9:26  Hydralisk x7  
  92  9:27  Hydralisk x3  
  48  10:54  Spawning Pool  
  38  11:57  Lair  
  38  12:25  Hatchery  
  37  12:31  Drone x2  
  37  12:32  Drone  
  40  12:37  Hatchery  
  40  12:41  Extractor  
  40  12:42  Extractor  
  37  12:55  Queen  
  39  13:20  Extractor  
  39  13:22  Extractor  
  37  13:44  Drone x2  
  37  13:45  Drone  
  40  13:58  Drone  
  40  13:59  Drone x2  
  43  14:04  Drone x2, Queen, Extractor  
  43  14:05  Extractor  
  45  14:22  Infestation Pit  
  44  14:25  Hydralisk Den  
  43  14:37  Drone x3  
  46  14:43  Drone  
  46  14:44  Drone x4  
  39  15:03  Hive  
  39  15:07  Overlord x2  
  39  15:08  Hydralisk x8  
  39  15:09  Hydralisk x4  
  63  15:19  Hydralisk x3  
  69  15:30  Drone  
  69  15:31  Drone x3  
  73  15:37  Hydralisk x2  
  73  15:38  Hydralisk x3  
  83  15:58  Hydralisk x6  
  83  15:59  Hydralisk x2  
  97  16:20  Ultralisk Cavern  
  97  16:21  Lurker Den  
  97  16:22  Hydralisk x5  
  97  16:23  Hydralisk x4  
  111  16:34  Overseer  
  93  17:01  Drone x4  
  93  17:02  Drone x2  
  93  17:06  Chitinous Plating  
  99  17:15  Drone x3  
  102  17:19  Drone  
  102  17:20  Drone x3  
  96  18:00  Hydralisk x5  
  96  18:01  Hydralisk x3  
Show
View Real Time Build Order
Export as new Build Order

jerrox Protoss - Winner!

Build Orders:  

Get SALT Encoding   

  12  0:03  Probe (Chrono Boost)  
  13  0:13  Probe (Chrono Boost)  
  14  0:24  Probe (Chrono Boost)  
  14  0:28  Pylon  
  15  0:46  Probe (Chrono Boost)  
  16  1:04  Forge  
  16  1:09  Nexus  
  16  1:26  Pylon  
  16  1:31  Probe (Chrono Boost)  
  17  1:42  Probe (Chrono Boost)  
  17  1:44  Photon Cannon  
  18  1:49  Pylon  
  18  1:54  Photon Cannon  
  18  2:03  Gateway  
  18  2:09  Pylon  
  18  2:17  Probe (Chrono Boost)  
  18  2:21  Assimilator  
  19  2:26  Assimilator  
  19  2:31  Probe (Chrono Boost)  
  20  2:41  Probe (Chrono Boost)  
  21  2:47  Photon Cannon  
  21  2:52  Probe (Chrono Boost)  
  21  2:56  Probe (Chrono Boost)  
  23  3:02  Probe (Chrono Boost)  
  23  3:04  Cybernetics Core  
  24  3:06  Probe (Chrono Boost)  
  25  3:13  Probe (Chrono Boost)  
  25  3:16  Pylon  
  25  3:17  Probe (Chrono Boost)  
  27  3:20  Assimilator  
  27  3:24  Assimilator  
  28  3:27  Probe (Chrono Boost)  
  28  3:33  Pylon  
  28  3:41  Stalker  
  30  3:49  Photon Cannon  
  30  3:56  Photon Cannon  
  30  4:05  Pylon  
  30  4:08  Stargate  
  30  4:32  Stargate  
  30  4:35  Stargate  
  30  4:47  Photon Cannon  
  30  4:50  Photon Cannon  
  30  4:51  Probe (Chrono Boost)  
  31  4:56  Warp Gate  
  31  4:59  Phoenix  
  33  5:01  Probe (Chrono Boost)  
  34  5:12  Probe (Chrono Boost)  
  35  5:16  Pylon  
  35  5:22  Probe (Chrono Boost)  
  35  5:27  Mothership Core (Chrono Boost)  
  38  5:33  Probe (Chrono Boost)  
  37  5:43  Probe (Chrono Boost)  
  37  5:45  Probe (Chrono Boost)  
  39  5:50  Phoenix x2  
  39  5:54  Probe (Chrono Boost)  
  39  5:55  Probe (Chrono Boost)  
  45  6:04  Probe (Chrono Boost)  
  45  6:06  Probe (Chrono Boost)  
  47  6:15  Probe (Chrono Boost), Fleet Beacon  
  47  6:17  Probe (Chrono Boost)  
  50  6:25  Probe (Chrono Boost)  
  50  6:36  Probe (Chrono Boost)  
  51  6:42  Void Ray x2  
  51  6:43  Void Ray  
  63  6:59  Anion Pulse-Crystals  
  63  7:02  Probe (Chrono Boost)  
  64  7:13  Probe (Chrono Boost)  
  65  7:23  Nexus  
  65  7:28  Pylon  
  65  7:31  Pylon  
  65  7:33  Pylon  
  63  8:09  Void Ray x3  
  75  8:15  Protoss Air Weapons Level 1  
  75  8:17  Protoss Shields Level 1  
  75  8:26  Photon Cannon  
  75  8:30  Photon Cannon  
  75  8:32  Assimilator  
  75  8:37  Assimilator  
  75  8:40  Pylon x2, Photon Cannon  
  75  8:42  Pylon  
  75  8:46  Cybernetics Core  
  75  8:55  Robotics Facility, Void Ray x2  
  83  8:57  Void Ray  
  87  9:08  Probe (Chrono Boost)  
  88  9:19  Probe (Chrono Boost)  
  89  9:29  Probe (Chrono Boost)  
  90  9:40  Probe (Chrono Boost)  
  91  9:50  Probe (Chrono Boost)  
  92  9:55  Observer  
  93  10:43  Void Ray x3  
  105  10:55  Stargate x2  
  83  11:29  Void Ray  
  83  11:30  Void Ray x2  
  95  11:35  Robotics Bay  
  95  12:09  Void Ray x2  
  95  12:10  Robotics Facility  
  103  12:18  Void Ray x3  
  115  12:23  Extended Thermal Lance  
  115  12:24  Colossus  
  121  13:10  Colossus  
  127  13:17  Colossus  
  133  13:22  Mothership Core (Chrono Boost)  
  135  13:31  Void Ray x4  
  135  13:32  Void Ray  
  155  13:39  Pylon  
  155  13:40  Pylon  
  155  13:44  Pylon  
  161  14:06  Colossus  
  167  14:19  Colossus  
  173  14:25  Nexus  
  173  14:30  Pylon  
  173  14:32  Pylon  
  173  14:33  Pylon  
  173  14:37  Pylon  
  173  15:06  Colossus  
  179  15:15  Photon Cannon  
  179  15:18  Photon Cannon  
  179  15:22  Photon Cannon  
  179  15:24  Photon Cannon  
  179  15:25  Colossus  
  179  15:26  Void Ray, Photon Cannon  
  179  15:27  Void Ray x2, Photon Cannon  
  197  15:28  Photon Cannon  
  197  15:30  Assimilator  
  197  15:32  Assimilator  
  166  16:10  Void Ray x4  
  182  16:21  Observer x2  
  184  17:17  Void Ray x2  
  184  17:18  Void Ray x2  
  146  18:25  Void Ray x3  
  146  18:26  Void Ray  
  114  19:37  Observer x2  
Show
View Real Time Build Order
Export as new Build Order

Grumm Protoss 

Build Orders: Dark Templar Rush 

Get SALT Encoding   

  12  0:01  Probe (Chrono Boost)  
  13  0:13  Probe (Chrono Boost)  
  14  0:23  Probe (Chrono Boost)  
  14  0:26  Pylon  
  15  0:36  Assimilator  
  15  0:44  Probe (Chrono Boost)  
  15  0:46  Gateway  
  16  0:57  Gateway  
  16  1:01  Probe (Chrono Boost)  
  17  1:07  Assimilator  
  17  1:12  Probe (Chrono Boost)  
  18  1:28  Pylon  
  18  1:30  Probe (Chrono Boost)  
  19  1:37  Zealot  
  21  1:40  Probe (Chrono Boost)  
  22  1:47  Cybernetics Core  
  22  1:51  Probe (Chrono Boost)  
  24  2:01  Probe (Chrono Boost)  
  24  2:03  Pylon  
  24  2:12  Probe (Chrono Boost)  
  25  2:25  Twilight Council  
  25  2:28  Adept  
  25  2:29  Adept  
  29  2:31  Warp Gate (Chrono Boost)  
  29  2:39  Pylon  
  29  2:49  Probe  
  30  3:01  Dark Shrine  
  30  3:03  Pylon  
  30  3:08  Forge  
  30  3:20  Probe  
  31  3:34  Gateway  
  31  3:35  Gateway  
  31  3:38  Pylon  
  31  3:59  Protoss Ground Weapons Level 1 (Chrono Boost)  
  27  4:52  Dark Templar x4  
  35  5:08  Nexus  
  35  5:09  Photon Cannon  
  35  5:13  Photon Cannon  
  35  5:18  Probe  
  35  5:19  Pylon  
  36  5:27  Dark Templar  
  36  5:28  Dark Templar  
  40  5:45  Pylon  
  40  6:04  Assimilator  
  40  6:05  Adept x2  
  40  6:07  Adept  
  40  6:08  Assimilator  
  46  6:11  Pylon  
  46  6:14  Photon Cannon  
  32  6:50  Probe  
  32  6:52  Dark Templar x4  
  35  7:02  Probe  
  35  7:04  Gateway  
  35  7:05  Gateway  
  36  7:09  Probe  
  37  7:23  Photon Cannon  
  37  7:29  Pylon  
  37  7:35  Probe  
  37  7:37  Probe  
  39  7:40  Dark Templar  
  41  7:46  Probe  
  41  7:47  Protoss Ground Armor Level 1 (Chrono Boost)  
  41  7:49  Probe  
  43  7:56  Zealot  
  45  8:04  Dark Templar x2  
  49  8:21  Probe  
  49  8:22  Probe  
  51  8:32  Robotics Facility, Probe  
  52  8:34  Probe  
  52  8:35  Pylon  
  52  8:37  Forge  
  53  8:41  Pylon  
  53  8:47  Probe  
  51  9:33  Stalker x4  
  51  9:34  Stalker x2  
  63  9:39  Nexus  
  63  9:44  Pylon  
  63  10:06  Stalker x3  
  59  10:48  Stalker x2  
  59  10:49  Pylon  
  63  10:51  Stalker  
  65  10:59  Probe  
  65  11:00  Probe  
  67  11:10  Assimilator  
  67  11:12  Assimilator  
  67  11:32  Pylon  
  67  11:38  Dark Templar x3  
  73  11:52  Dark Templar x3  
  73  11:53  Dark Templar  
  74  12:02  Archon  
  74  12:05  Archon  
  74  12:07  Dark Templar x2  
  78  12:31  Nexus  
  78  12:35  Pylon  
  78  12:36  Dark Templar  
  80  12:40  Adept  
  80  12:43  Adept  
  84  12:55  Stalker  
  86  13:00  Stalker  
  76  13:14  Blink (Chrono Boost)  
  76  13:32  Probe  
  76  13:33  Probe  
  78  13:47  Probe  
  79  13:48  Probe  
  80  13:57  Stalker  
  82  14:07  Dark Templar  
  84  14:15  Dark Templar  
  86  14:19  Archon  
  86  14:36  Dark Templar x2  
  86  14:37  Dark Templar  
  90  14:55  Archon  
  90  14:57  Dark Templar x3  
  96  15:02  Archon x2  
  96  15:04  Archon  
  96  15:05  Archon  
  96  15:12  Zealot  
  96  15:13  Zealot  
  64  16:00  Probe  
  64  16:01  Probe  
  32  16:05  Dark Templar x6  
  38  17:22  Stalker x4  
  44  17:23  Stalker x2  
  21  18:21  Stalker x4  
  21  18:22  Dark Templar  
  31  18:41  Dark Templar x2  
  20  19:20  Zealot x2  
Show
View Real Time Build Order
Export as new Build Order

gnardog Zerg 

Build Orders: Hatch First, Lurkers, Roach Nydus 

Get SALT Encoding   

  12  0:01  Drone  
  13  0:08  Drone  
  14  0:17  Overlord  
  14  0:24  Drone, Extractor  
  15  0:35  Drone  
  15  0:36  Drone  
  17  0:55  Hatchery  
  16  0:58  Extractor  
  16  1:00  Drone  
  16  1:02  Drone  
  17  1:09  Drone  
  18  1:16  Drone  
  19  1:30  Drone  
  20  1:37  Spawning Pool  
  20  1:38  Drone  
  20  1:51  Overlord  
  20  1:59  Drone  
  21  2:12  Extractor  
  20  2:16  Drone  
  20  2:17  Drone  
  20  2:20  Drone  
  20  2:21  Drone  
  24  2:24  Queen  
  24  2:25  Queen  
  28  2:32  Drone x2  
  30  2:37  Evolution Chamber  
  30  2:44  Roach Warren  
  28  2:52  Overlord x2  
  28  3:06  Zerg Missile Weapons Level 1  
  28  3:14  Overlord  
  28  3:24  Roach x5  
  38  3:34  Roach  
  40  3:36  Roach  
  40  3:38  Roach  
  40  3:39  Roach x2  
  48  3:43  Roach x2  
  48  3:45  Roach  
  54  3:49  Roach  
  56  3:55  Lair  
  56  4:06  Drone x3  
  56  4:09  Drone  
  60  4:10  Overlord  
  60  4:17  Overlord  
  60  4:24  Overlord x2  
  60  4:37  Drone x5  
  65  4:41  Drone x3  
  68  4:55  Hatchery  
  68  4:58  Glial Reconstitution  
  67  5:01  Extractor  
  67  5:04  Roach x2  
  72  5:07  Roach  
  72  5:11  Extractor  
  72  5:12  Zerg Missile Weapons Level 2  
  71  5:18  Drone x3  
  71  5:19  Roach  
  76  5:43  Hydralisk Den  
  76  5:46  Evolution Chamber  
  76  5:49  Drone x3  
  77  5:55  Drone x5  
  77  5:56  Drone x2  
  77  5:57  Drone, Nydus Network  
  84  5:59  Overlord  
  84  6:02  Overseer x2  
  84  6:14  Drone x2  
  84  6:17  Spore Crawler  
  84  6:18  Queen  
  87  6:20  Drone x2, Spore Crawler  
  88  6:25  Spine Crawler  
  88  6:29  Lurker Den  
  87  6:35  Zerg Ground Armor Level 1  
  87  6:36  Drone  
  87  6:39  Drone x2  
  90  6:43  Drone x3  
  90  6:45  Drone  
  95  6:47  Drone  
  95  6:48  Drone  
  96  6:59  Drone x2  
  96  7:00  Overlord x2  
  98  7:01  Extractor  
  98  7:03  Queen, Extractor  
  98  7:12  Overlord  
  98  7:19  Spore Crawler  
  98  7:20  Hydralisk  
  98  7:21  Hydralisk x3  
  105  7:35  Hydralisk x3  
  105  7:36  Hydralisk  
  113  7:38  Hydralisk  
  113  7:58  Overlord x4, Muscular Augments  
  113  8:05  Overlord x2  
  113  8:13  Overlord x2  
  113  8:22  Lurker x4  
  113  8:23  Lurker x2  
  113  8:24  Hydralisk x4  
  127  8:30  Nydus Canal  
  127  8:33  Drone x5  
  132  8:44  Hydralisk x3  
  138  8:54  Hydralisk x3  
  144  9:05  Hydralisk x3  
  144  9:06  Hydralisk x2  
  143  9:38  Hydralisk x2  
  132  9:42  Hydralisk x5  
  132  9:43  Hydralisk  
  146  9:49  Hydralisk x3  
  152  9:54  Lurker x2  
  150  10:01  Hydralisk x3  
  142  10:16  Lurker x3  
  142  10:17  Hydralisk, Lurker  
  142  10:18  Roach  
  140  10:28  Overlord x2  
  140  10:29  Overlord  
  140  10:31  Drone x2  
  142  10:38  Drone x3  
  142  10:39  Spire  
  142  10:41  Hatchery  
  143  11:09  Hydralisk  
  143  11:10  Hydralisk x6  
  139  11:16  Hydralisk x2  
  121  11:24  Drone  
  121  11:25  Drone x2  
  107  11:26  Infestation Pit  
  98  11:41  Hydralisk  
  98  11:42  Hydralisk x2  
  95  11:47  Hatchery  
  95  11:50  Hydralisk x3  
  95  11:53  Zerg Flyer Weapons Level 1  
  100  12:00  Spire  
  99  12:02  Drone x6  
  99  12:04  Queen x2  
  109  12:13  Drone, Hydralisk x2  
  114  12:22  Hive, Extractor  
  113  12:23  Extractor  
  113  12:25  Hydralisk x2  
  116  12:34  Spore Crawler  
  115  12:37  Spine Crawler  
  115  12:38  Spore Crawler  
  115  12:39  Queen  
  115  12:40  Drone x2  
  115  12:44  Overlord  
  117  12:47  Spine Crawler  
  116  12:52  Hydralisk x2  
  121  13:20  Drone x6  
  121  13:21  Drone  
  121  13:22  Drone x2, Queen  
  121  13:24  Drone x2  
  133  13:33  Hydralisk x2  
  137  13:39  Spine Crawler  
  137  13:40  Greater Spire  
  137  13:41  Spine Crawler, Spore Crawler  
  135  13:46  Zerg Missile Weapons Level 3  
  134  13:54  Overlord x2  
  134  13:58  Queen  
  134  14:01  Overlord x3  
  136  14:08  Zerg Flyer Weapons Level 2  
  136  14:11  Viper x5  
  151  14:24  Corruptor  
  151  14:25  Corruptor x3  
  159  14:36  Nydus Canal  
  159  14:39  Lurker x4  
  159  14:40  Lurker  
  164  15:22  Corruptor x3  
  164  15:23  Corruptor x2  
  164  15:26  Zerg Flyer Armor Level 1  
  164  15:27  Drone x3  
  164  15:28  Drone  
  178  15:30  Extractor  
  178  15:31  Extractor  
  176  15:39  Hatchery  
  175  15:47  Corruptor x6  
  140  16:06  Viper x2  
  144  16:15  Corruptor  
  144  16:17  Zergling x12  
  144  16:18  Zergling x12  
  158  16:19  Zergling x4  
  158  16:20  Zergling x2  
  161  16:27  Corruptor x2  
  165  16:34  Corruptor  
  167  16:41  Corruptor x2  
  171  16:56  Zerg Flyer Weapons Level 3  
  171  17:02  Overseer x3  
  171  17:08  Corruptor  
  173  17:19  Extractor  
  173  17:22  Corruptor x3, Extractor  
  101  18:26  Corruptor x3  
  67  18:29  Corruptor x3  
  67  18:30  Corruptor x5  
  67  18:33  Zergling x10  
  78  18:52  Corruptor  
  78  19:06  Hatchery  
  71  19:13  Corruptor  
Tags
 
Add a new tag
Caveats
  • Supply blocks, unpowered buildings, or Contaminate may cause inaccurate times.
  • Supply counts are checked every 10 seconds.